Map: Ruins of Endion

Players

Nightmare

  • Race: Terran Terran
  • League: Silver
  • Spawn Location: 7:00

Fropez - Winner!

  • Race: Protoss Protoss
  • League: Silver
  • Spawn Location: 5:00

VOD

Have the link to the VOD?

Description

Time

  • Played on: April 16, 2016, 5:34 p.m.
  • Length: 15:23
Show
View Real Time Build Order
Export as new Build Order

Nightmare Terran 

Build Orders:  

Get SALT Encoding   

  12  0:02  SCV  
  13  0:14  SCV  
  14  0:23  Supply Depot  
  14  0:26  SCV  
  15  0:44  SCV  
  15  0:47  Barracks  
  16  0:56  SCV  
  17  1:04  Refinery  
  17  1:08  SCV  
  18  1:18  Refinery  
  18  1:21  SCV  
  19  1:33  SCV  
  20  1:40  Command Center  
  20  1:50  SCV  
  21  2:01  Supply Depot  
  21  2:03  Orbital Command  
  20  2:19  Engineering Bay  
  20  2:29  Factory  
  20  2:33  Marine  
  22  2:44  SCV  
  22  2:55  Missile Turret  
  22  2:57  SCV  
  23  3:05  Missile Turret  
  23  3:10  Orbital Command  
  23  3:13  SCV  
  23  3:19  Factory Reactor  
  24  3:30  Orbital Command  
  24  3:42  Marine  
  25  3:49  Factory  
  25  3:52  Starport  
  25  3:58  SCV x2  
  27  4:10  SCV  
  27  4:11  SCV  
  27  4:12  Hellion  
  27  4:13  Hellion  
  33  4:22  SCV  
  33  4:23  SCV  
  35  4:27  Missile Turret  
  35  4:33  Missile Turret  
  35  4:35  SCV  
  36  4:55  SCV  
  36  4:57  SCV  
  38  5:00  Starport Tech Lab  
  38  5:04  Starport  
  38  5:08  SCV  
  38  5:11  Fusion Core  
  35  5:16  Factory Tech Lab  
  35  5:19  Widow Mine x2  
  39  5:21  Marine  
  39  5:25  Banshee  
  43  5:39  Marine  
  43  5:42  Starport Tech Lab  
  30  6:05  Siege Tank  
  30  6:06  Widow Mine x2  
  30  6:08  Banshee x2  
  42  6:19  Cloaking Field  
  42  6:51  Hyperflight Rotors  
  42  6:58  Banshee  
  45  7:06  Supply Depot  
  45  7:12  Orbital Command  
  45  7:28  Supply Depot, Banshee  
  48  7:31  Hellion x3  
  48  7:33  Supply Depot  
  54  7:51  SCV  
  54  7:52  SCV, Hellion  
  58  8:04  SCV x2  
  60  8:16  SCV  
  60  8:18  Banshee x2  
  62  8:46  Command Center  
  62  8:48  Hellion x3  
  68  8:54  SCV x2  
  70  9:04  Armory  
  70  9:58  SCV x2, Hellion, Banshee x2  
  80  10:06  Supply Depot x2  
  80  10:08  Supply Depot  
  80  10:09  Supply Depot  
  80  10:10  SCV x2  
  82  10:22  SCV x2  
  84  10:34  SCV x2  
  86  10:45  Refinery  
  86  10:46  SCV x2  
  86  10:48  Battlecruiser x2  
  100  10:58  SCV x2  
  100  10:59  Refinery  
  102  11:10  Infernal Pre-Igniter  
  102  11:18  SCV  
  103  11:23  Refinery  
  103  11:25  Refinery  
  103  11:30  SCV  
  104  11:42  SCV  
  105  11:54  SCV  
  106  12:06  SCV  
  107  12:10  SCV x2  
  107  12:14  Battlecruiser  
  115  12:22  SCV  
  116  12:29  Supply Depot  
  116  12:34  Supply Depot x2  
  116  12:36  Supply Depot, Hellion  
  116  12:42  Hellion  
  116  12:45  Hellion  
  104  12:58  Hellion  
  102  13:03  Hellion  
  102  13:06  Hellion  
  104  13:13  Starport  
  104  13:14  Starport  
  104  13:42  Armory  
  104  13:44  Armory  
  104  13:54  Battlecruiser x2  
  116  13:59  Command Center  
  101  14:10  Starport Tech Lab  
  65  14:33  Hellbat  
  65  14:34  Hellbat x2  
  65  14:55  Hellbat x2  
Show
View Real Time Build Order
Export as new Build Order

Fropez Protoss - Winner!

Build Orders:  

Get SALT Encoding   

  12  0:17  Pylon  
  12  0:26  Probe (Chrono Boost)  
  13  0:41  Probe (Chrono Boost)  
  13  0:42  Pylon  
  14  0:44  Gateway  
  14  0:52  Pylon  
  14  0:54  Probe (Chrono Boost)  
  15  1:05  Probe (Chrono Boost)  
  16  1:13  Forge  
  16  1:15  Probe (Chrono Boost)  
  17  1:25  Assimilator  
  17  1:31  Zealot  
  17  1:32  Probe (Chrono Boost)  
  20  1:42  Probe (Chrono Boost)  
  21  1:53  Probe (Chrono Boost)  
  22  1:56  Photon Cannon  
  22  2:03  Probe (Chrono Boost)  
  23  2:09  Assimilator  
  23  2:12  Cybernetics Core  
  23  2:14  Probe (Chrono Boost)  
  24  2:24  Probe (Chrono Boost)  
  25  2:35  Probe (Chrono Boost)  
  26  2:47  Probe (Chrono Boost)  
  26  2:48  Gateway  
  26  2:50  Gateway  
  27  2:55  Warp Gate  
  28  2:59  Mothership Core (Chrono Boost)  
  29  3:06  Protoss Ground Weapons Level 1, Zealot  
  31  3:17  Probe (Chrono Boost)  
  32  3:28  Probe (Chrono Boost)  
  33  3:38  Probe (Chrono Boost)  
  33  3:41  Pylon, Stalker  
  34  3:42  Stalker  
  38  3:49  Probe (Chrono Boost)  
  39  3:56  Pylon  
  39  3:59  Stalker  
  39  4:00  Probe (Chrono Boost)  
  42  4:10  Probe (Chrono Boost)  
  42  4:13  Stalker  
  42  4:14  Stalker  
  47  4:24  Pylon, Probe (Chrono Boost)  
  47  4:29  Stalker  
  50  4:57  Probe (Chrono Boost)  
  50  4:58  Stalker  
  50  4:59  Zealot  
  55  5:07  Probe (Chrono Boost)  
  55  5:08  Protoss Ground Armor Level 1  
  56  5:16  Gateway  
  56  5:18  Probe (Chrono Boost)  
  58  5:28  Probe (Chrono Boost)  
  58  5:30  Nexus  
  58  5:33  Pylon  
  58  5:46  Pylon  
  58  6:06  Zealot x3  
  60  6:17  Photon Cannon  
  60  6:29  Probe (Chrono Boost)  
  61  6:40  Robotics Facility  
  61  6:42  Twilight Council  
  61  6:43  Pylon  
  61  7:00  Probe (Chrono Boost)  
  61  7:01  Pylon, Probe (Chrono Boost)  
  63  7:10  Probe (Chrono Boost)  
  63  7:11  Pylon, Probe (Chrono Boost)  
  65  7:18  Stalker x3  
  65  7:19  Pylon  
  65  7:20  Protoss Ground Weapons Level 2  
  71  7:24  Blink (Chrono Boost)  
  71  7:27  Observer  
  71  7:28  Probe x2  
  73  7:33  Assimilator  
  74  7:37  Assimilator  
  74  7:40  Probe  
  75  7:56  Zealot x4  
  73  8:43  Stalker x4  
  73  8:47  Immortal  
  85  8:53  Pylon  
  85  8:59  Probe  
  85  9:00  Probe  
  85  9:02  Pylon  
  87  9:12  Gateway  
  87  9:13  Gateway  
  87  9:15  Gateway  
  87  9:16  Pylon, Gateway  
  87  9:18  Pylon  
  87  9:19  Pylon  
  87  9:21  Gateway x2  
  87  9:24  Gateway  
  87  9:40  Nexus  
  87  10:03  Pylon  
  87  10:05  Pylon  
  87  10:07  Photon Cannon  
  87  10:08  Photon Cannon  
  87  10:14  Photon Cannon  
  87  10:18  Twilight Council  
  86  10:21  Robotics Facility  
  86  10:47  Pylon  
  86  10:49  Pylon  
  86  10:50  Probe  
  86  10:54  Pylon  
  87  11:00  Photon Cannon  
  87  11:15  Observer  
  87  11:16  Nexus  
  88  11:19  Charge (Chrono Boost)  
  88  11:20  Assimilator x2  
  88  11:21  Assimilator  
  88  11:22  Protoss Ground Weapons Level 3 (Chrono Boost)  
  88  11:24  Assimilator  
  88  11:29  Pylon  
  88  11:31  Templar Archives  
  88  11:33  Pylon  
  88  11:37  Observer  
  89  11:53  Photon Cannon  
  89  11:55  Pylon  
  89  11:58  Observer  
  89  12:00  Stalker x5  
  99  12:20  Observer  
  100  12:24  Zealot  
  100  12:25  Zealot x7  
  100  12:26  Zealot x3  
  114  12:41  Observer  
  103  13:06  Stalker x3  
  103  13:07  Stalker x4  
  103  13:08  Stalker x3  
  103  13:09  Stalker  
  125  13:37  Psionic Storm  
  125  13:44  Dark Shrine  
  120  14:22  Stalker x3  
  120  14:23  Stalker x6  
  120  14:24  Stalker x2  
  116  15:18  Stalker  
  116  15:19  Stalker x5  
  116  15:20  Stalker x2  
Tags
 
Matchup
PvT
Replay Pack
All Mines
Spawn Locations
Close Positions
Add a new tag
Caveats
  • Supply blocks, unpowered buildings, or Contaminate may cause inaccurate times.
  • Supply counts are checked every 10 seconds.